Map: Fields of Death

Players

Kirk

  • Race: Zerg Zerg

Luka

  • Race: Protoss Protoss

starburner - Winner!

  • Race: Terran Terran

bargletoo - Winner!

  • Race: Terran Terran

VOD

Have the link to the VOD?

Description

Time

  • Played on: Nov. 13, 2015, 7:07 p.m.
  • Length: 17:14
Show
View Real Time Build Order
Export as new Build Order

Kirk Zerg 

Build Orders: Hatch First 

Get SALT Encoding   

  12  0:02  Drone  
  13  0:10  Drone  
  14  0:17  Overlord  
  14  0:30  Overlord  
  15  0:35  Drone  
  15  0:37  Drone  
  16  0:48  Drone  
  17  1:04  Drone  
  18  1:11  Hatchery  
  18  1:18  Drone x2  
  19  1:28  Spawning Pool  
  19  1:29  Drone  
  19  1:40  Overlord  
  19  1:44  Extractor  
  18  1:59  Drone  
  19  2:12  Drone x2  
  21  2:16  Queen  
  21  2:20  Hatchery  
  21  2:22  Drone  
  23  2:31  Queen  
  25  3:07  Roach Warren  
  24  3:23  Drone x6  
  30  3:31  Queen  
  34  3:34  Drone x2  
  34  3:38  Lair  
  34  3:44  Extractor  
  34  3:45  Drone x3  
  34  3:46  Drone  
  34  3:47  Drone  
  38  3:54  Overlord  
  38  4:00  Drone x2  
  40  4:05  Drone  
  41  4:16  Drone x3  
  41  4:17  Drone x3  
  45  4:21  Spore Crawler  
  46  4:25  Spore Crawler  
  46  4:29  Drone x2  
  46  4:31  Extractor  
  46  4:32  Drone, Extractor  
  46  4:33  Drone  
  46  4:36  Drone  
  48  4:39  Extractor  
  48  4:41  Extractor  
  48  4:42  Spore Crawler  
  43  5:11  Drone x4, Hydralisk Den  
  43  5:12  Drone x3  
  23  5:56  Drone  
  23  5:57  Drone x5  
  24  5:58  Queen  
  19  6:32  Drone x3  
  22  6:33  Drone  
  21  6:58  Drone x3  
  21  6:59  Drone x2  
  26  7:17  Spore Crawler  
  26  7:19  Drone  
  26  7:20  Drone x5  
  31  7:24  Drone  
  32  7:32  Hydralisk  
  34  7:39  Drone  
  35  7:47  Spore Crawler  
  34  7:56  Drone x2  
  34  7:57  Drone  
  27  8:21  Drone  
  27  8:22  Drone x5  
  33  8:28  Drone  
  34  8:35  Spire  
  33  8:49  Drone x2  
  33  8:50  Drone x4  
  39  8:57  Drone x3  
  43  9:13  Overlord x3  
  43  9:16  Muscular Augments  
  43  9:30  Overlord, Queen x2  
  47  9:35  Overlord  
  35  9:55  Drone x2  
  35  9:56  Drone x2  
  35  9:57  Drone  
  38  10:16  Drone x4  
  42  10:40  Drone x4  
  42  10:41  Drone  
  47  10:43  Drone x3  
  50  11:03  Drone x4  
  50  11:04  Drone x4  
  58  11:22  Overseer  
  58  11:43  Hydralisk  
  58  11:44  Hydralisk x6  
  58  11:45  Hydralisk  
  74  11:48  Lurker Den  
  74  12:16  Hydralisk x4  
  74  12:22  Overlord x4  
  82  12:26  Evolution Chamber  
  82  12:29  Evolution Chamber, Drone  
  81  12:55  Overseer  
  81  12:59  Zerg Ground Armor Level 1  
  81  13:01  Zerg Missile Weapons Level 1, Hydralisk  
  81  13:02  Hydralisk x5  
  81  13:03  Hydralisk x3  
  99  13:27  Hydralisk x2, Roach x2  
  103  13:28  Hydralisk x3  
  61  14:10  Hydralisk  
  61  14:11  Hydralisk x6  
  61  14:12  Hydralisk x2  
  72  14:33  Hydralisk x5  
  72  14:34  Hydralisk x3  
  88  14:38  Overseer  
  88  14:39  Overseer  
  72  15:35  Hydralisk x5  
  73  15:36  Hydralisk x3  
  87  15:49  Hydralisk x2  
Show
View Real Time Build Order
Export as new Build Order

Luka Protoss 

Build Orders: Colossus Rush 

Get SALT Encoding   

  12  0:01  Probe (Chrono Boost)  
  13  0:12  Probe (Chrono Boost)  
  14  0:21  Pylon  
  14  0:24  Probe (Chrono Boost)  
  15  0:39  Probe (Chrono Boost)  
  15  0:42  Gateway  
  16  0:48  Assimilator  
  17  0:50  Probe (Chrono Boost)  
  17  0:59  Pylon  
  17  1:00  Probe (Chrono Boost)  
  18  1:11  Probe (Chrono Boost)  
  19  1:24  Probe (Chrono Boost)  
  20  1:30  Cybernetics Core  
  20  1:33  Gateway  
  20  1:35  Probe (Chrono Boost)  
  20  1:38  Pylon  
  21  1:45  Assimilator  
  21  1:55  Pylon  
  21  2:02  Probe (Chrono Boost)  
  22  2:12  Probe (Chrono Boost)  
  22  2:14  Robotics Facility  
  23  2:23  Robotics Facility  
  23  2:30  Zealot  
  25  2:42  Pylon  
  25  3:03  Nexus  
  25  3:19  Robotics Bay  
  25  3:29  Forge  
  25  3:41  Pylon  
  25  3:45  Pylon  
  25  3:52  Probe (Chrono Boost)  
  26  4:02  Probe (Chrono Boost)  
  27  4:04  Photon Cannon  
  27  4:10  Photon Cannon  
  27  4:13  Probe (Chrono Boost)  
  34  4:32  Colossus (Chrono Boost)  
  34  4:39  Probe (Chrono Boost)  
  34  4:42  Probe (Chrono Boost)  
  36  4:48  Probe (Chrono Boost)  
  37  4:53  Probe  
  37  4:58  Probe  
  37  4:59  Colossus (Chrono Boost)  
  45  5:11  Protoss Ground Weapons Level 1  
  45  5:15  Extended Thermal Lance (Chrono Boost)  
  45  5:41  Stalker x2  
  49  5:52  Gateway  
  49  6:11  Stalker  
  51  6:18  Gateway  
  51  6:19  Probe  
  51  6:24  Pylon  
  52  6:28  Probe  
  52  6:31  Gateway, Probe  
  54  6:37  Pylon  
  54  6:38  Probe  
  55  6:48  Pylon  
  55  6:49  Probe  
  56  6:59  Probe  
  57  7:09  Stalker x2  
  57  7:10  Stalker  
  63  7:20  Assimilator  
  63  7:23  Assimilator  
  63  7:25  Stalker x2  
  63  7:29  Colossus  
  73  7:39  Stalker x2  
  73  7:40  Stalker  
  79  7:53  Twilight Council  
  79  7:55  Stalker  
  81  7:58  Photon Cannon  
  81  8:02  Stalker  
  70  8:19  Stalker  
  66  8:48  Stalker x2  
  70  9:04  Stalker x2  
  74  9:13  Photon Cannon  
  74  9:46  Stalker x2  
  74  9:47  Stalker x2  
  80  10:08  Probe  
  81  10:18  Photon Cannon  
  81  10:19  Probe  
  82  10:29  Probe  
  83  10:40  Probe  
  84  10:50  Probe  
  85  11:01  Probe  
  86  11:06  Stalker  
  86  11:07  Stalker x2  
  92  11:12  Probe  
  92  11:16  Protoss Ground Weapons Level 2 (Chrono Boost)  
  93  11:22  Probe  
  94  11:33  Probe  
  95  11:43  Probe  
  96  12:03  Stalker x2  
  96  12:04  Stalker  
  102  12:27  Blink  
  102  12:50  Probe  
  103  13:00  Probe  
  104  13:06  Nexus  
  104  13:11  Probe  
  33  14:03  Stalker x3  
  33  14:04  Stalker  
  41  14:10  Stalker  
  41  14:13  Disruptor  
  46  14:24  Probe  
  47  14:35  Probe  
  48  14:45  Probe  
  49  14:54  Observer  
  37  15:14  Stalker x2  
  37  15:15  Stalker x3  
  37  15:16  Observer  
  48  15:24  Stargate  
  48  15:27  Stargate  
  48  15:28  Stargate  
  47  15:50  Assimilator  
  47  15:53  Stalker  
  47  15:54  Stalker x3  
  36  16:22  Stalker  
  36  16:23  Stalker  
  36  16:24  Stalker  
Show
View Real Time Build Order
Export as new Build Order

starburner Terran - Winner!

Build Orders: Liberator Opening 

Get SALT Encoding   

  12  0:01  SCV  
  13  0:16  SCV  
  14  0:28  Supply Depot  
  14  0:30  SCV  
  15  0:40  Refinery  
  15  0:41  Refinery  
  15  0:51  Barracks  
  15  0:53  SCV  
  16  1:10  SCV  
  17  1:25  SCV  
  18  1:29  Engineering Bay  
  18  1:44  Factory  
  18  1:45  Marine  
  19  1:49  SCV  
  20  1:58  Missile Turret  
  20  2:02  SCV  
  21  2:11  Supply Depot  
  21  2:17  Marine  
  22  2:33  Starport  
  22  2:35  Factory Reactor  
  22  3:03  Bunker  
  22  3:16  Liberator x2  
  22  3:32  Marine  
  29  3:38  Orbital Command  
  29  3:47  Supply Depot  
  29  3:59  Liberator x2  
  35  4:39  SCV  
  35  4:43  Factory Tech Lab  
  36  4:48  Command Center  
  36  4:49  Liberator  
  39  5:43  Liberator x2  
  45  6:25  Liberator x2  
  39  7:15  Barracks  
  39  7:16  Barracks x2  
  39  7:17  Barracks  
  39  7:20  Barracks  
  39  7:24  Siege Tank  
  39  7:27  Barracks Tech Lab  
  42  7:32  SCV  
  42  7:34  SCV  
  45  7:44  SCV  
  45  7:46  SCV  
  46  7:56  SCV, Siege Tank  
  50  7:58  SCV  
  51  8:08  SCV  
  51  8:10  SCV  
  50  8:20  SCV  
  48  9:06  Barracks Tech Lab x3  
  48  9:07  Barracks Tech Lab  
  48  9:10  Concussive Shells  
  48  9:12  Terran Infantry Weapons Level 1  
  48  9:13  SCV x2  
  50  9:18  Refinery  
  50  9:19  Refinery  
  50  9:23  Starport  
  50  9:24  Starport x2  
  50  9:25  SCV x2, Starport  
  52  9:37  SCV  
  52  9:38  SCV  
  54  9:53  Stimpack  
  54  10:02  SCV x2  
  47  10:14  SCV  
  48  10:27  Starport Tech Lab  
  48  10:28  Starport Tech Lab x3  
  48  10:31  Banshee  
  51  10:38  Orbital Command  
  51  10:54  Cloaking Field  
  51  10:57  Banshee  
  54  11:05  Banshee x2  
  54  11:06  Command Center  
  54  11:07  Command Center, Supply Depot x2  
  54  11:09  Supply Depot  
  60  11:28  Banshee x2  
  66  11:34  Missile Turret  
  66  11:40  Banshee  
  69  11:48  Banshee x2  
  75  12:11  Banshee x2  
  81  12:20  Refinery  
  81  12:22  Banshee  
  84  12:31  Banshee, Supply Depot  
  84  12:34  Banshee, Supply Depot  
  87  12:46  Refinery  
  87  12:54  Banshee  
  90  13:03  Banshee  
  93  13:05  Banshee  
  96  13:20  Banshee x2  
  72  14:09  Banshee x3  
  75  14:10  Banshee  
  81  14:55  Banshee  
  81  14:56  Banshee  
  78  15:26  Fusion Core  
  63  15:46  Banshee x4  
  75  15:56  Banshee  
  76  16:17  SCV x3  
  79  16:28  Banshee  
  79  16:29  SCV x3  
  85  16:41  SCV x3  
  88  16:53  SCV x2  
  88  16:54  Command Center, SCV  
Show
View Real Time Build Order
Export as new Build Order

bargletoo Terran - Winner!

Build Orders: Liberator Opening 

Get SALT Encoding   

  12  0:01  SCV  
  13  0:13  SCV  
  14  0:19  Supply Depot  
  14  0:25  Refinery  
  14  0:28  SCV  
  15  0:40  SCV  
  16  0:46  Barracks  
  16  0:54  SCV  
  17  1:06  SCV  
  18  1:18  SCV  
  19  1:33  Orbital Command  
  19  1:34  Barracks Reactor  
  19  1:48  Command Center  
  19  1:58  SCV  
  20  2:02  Supply Depot  
  20  2:08  Factory  
  20  2:11  SCV  
  21  2:16  Refinery  
  21  2:28  SCV  
  22  2:40  SCV  
  23  2:44  Engineering Bay  
  23  2:48  Barracks Reactor  
  23  2:55  SCV  
  24  3:00  Starport  
  24  3:07  SCV  
  24  3:08  Hellion x2  
  24  3:10  Orbital Command  
  29  3:15  Missile Turret  
  29  3:19  SCV  
  30  3:23  Refinery  
  30  3:28  Refinery  
  30  3:30  Liberator  
  30  3:35  Liberator  
  30  3:37  Widow Mine  
  32  3:43  SCV x2  
  40  4:04  SCV x2  
  40  4:09  Hellion  
  46  4:10  Hellion  
  46  4:16  Missile Turret  
  46  4:31  Supply Depot  
  46  4:35  Supply Depot, Liberator x2  
  46  4:47  Starport  
  46  4:53  SCV x2  
  46  4:57  Hellion  
  56  5:03  Supply Depot  
  56  5:05  SCV x2  
  58  5:07  Supply Depot  
  58  5:17  SCV x2  
  58  5:19  Armory  
  60  5:29  SCV  
  59  5:38  Liberator  
  55  5:53  Starport Tech Lab  
  57  5:57  SCV x2  
  58  6:11  Hellion x2  
  62  6:14  Corvid Reactor, Terran Ship Weapons Level 1  
  62  6:16  Refinery, Hi-Sec Auto Tracking  
  62  6:20  Command Center  
  62  6:23  SCV x2  
  64  6:29  Liberator  
  64  6:31  Supply Depot, Liberator  
  64  6:32  Refinery, Missile Turret  
  64  6:35  SCV x2  
  64  6:38  Supply Depot  
  66  6:44  Raven  
  74  6:54  SCV x2  
  74  7:00  Supply Depot  
  76  7:06  SCV x2  
  78  7:11  Starport  
  78  7:16  Supply Depot  
  78  7:17  Liberator  
  78  7:18  SCV x2  
  80  7:26  Supply Depot  
  80  7:30  SCV  
  80  7:31  SCV  
  80  7:32  Hellion  
  80  7:33  Hellion  
  80  7:36  Raven  
  91  7:40  Supply Depot  
  91  7:45  Orbital Command  
  91  7:46  SCV x2  
  93  7:55  Liberator  
  93  7:58  SCV  
  93  8:00  Liberator  
  94  8:07  SCV  
  94  8:10  SCV  
  94  8:12  Starport Reactor  
  99  8:19  SCV  
  103  8:22  SCV  
  104  8:32  Terran Ship Weapons Level 2  
  104  8:34  Raven  
  106  8:37  SCV x3  
  106  8:38  Liberator  
  109  8:43  Liberator  
  109  8:46  Widow Mine x2  
  109  8:47  Command Center  
  109  8:48  Refinery  
  113  8:49  Missile Turret  
  113  8:51  Refinery  
  113  8:52  Factory  
  113  8:54  SCV x3  
  119  8:55  Factory  
  122  9:03  Liberator  
  122  9:04  Liberator  
  122  9:09  SCV x2  
  125  9:10  SCV  
  125  9:19  Hellion x2  
  125  9:20  Raven  
  137  9:27  SCV x3  
  137  9:28  Liberator  
  133  9:53  Factory Tech Lab  
  133  9:54  Factory Reactor  
  133  9:56  Liberator x2  
  133  9:57  Liberator  
  133  10:02  Planetary Fortress  
  133  10:03  SCV x2  
  135  10:11  Widow Mine x2  
  135  10:13  Raven  
  150  10:23  Siege Tank  
  150  10:27  Infernal Pre-Igniter  
  153  10:31  Liberator  
  153  10:33  Building Armor  
  153  10:34  Supply Depot  
  153  10:35  Explosive Shrapnel Shells  
  153  10:44  Supply Depot x2  
  153  10:46  Missile Turret  
  156  10:56  Hellion x3, Raven  
  164  10:58  Supply Depot  
  164  11:04  Terran Ship Weapons Level 3  
  164  11:06  Hellion, Siege Tank  
  164  11:07  Supply Depot  
  164  11:08  Supply Depot x2  
  164  11:10  Supply Depot  
  169  11:16  Missile Turret  
  169  11:17  Supply Depot  
  169  11:18  Missile Turret  
  169  11:22  Liberator x4  
  169  11:34  Supply Depot x2  
  169  11:36  Supply Depot  
  181  11:40  Raven  
  181  11:45  Siege Tank  
  181  11:46  Hellion x3  
  192  11:52  Refinery  
  192  11:56  Refinery  
  192  11:58  Command Center  
  192  12:07  Missile Turret  
  192  12:12  Widow Mine x2  
  196  12:33  Command Center  
  196  12:43  Starport  
  196  13:14  Missile Turret  
  167  14:12  Siege Tank  
  167  14:13  Hellion x2  
  167  14:15  Starport Tech Lab  
  167  14:16  Raven  
  176  14:29  Terran Vehicle Weapons Level 1  
  176  14:32  Hellion x2  
  176  14:35  Hellion  
  182  14:45  Siege Tank  
  183  14:58  Raven  
  183  15:05  Planetary Fortress  
  180  15:16  Hellion x2  
  180  15:17  Hellion x2, Siege Tank  
  180  15:20  Raven  
  193  15:41  Raven  
  195  15:55  Hellion, Siege Tank  
Tags
 
Add a new tag
Caveats
  • Supply blocks, unpowered buildings, or Contaminate may cause inaccurate times.
  • Supply counts are checked every 10 seconds.